 Dungeon Crawl Stone Soup version 0.18.1-50-g88ac8fd (webtiles) character file.

9526 Inchmeat the Nimble (level 11, -4/73 HPs)
             Began as a Demonspawn Wizard on Sept 28, 2016.
             Was a High Priest of Dithmenos.
             Slain by an eight-headed hydra (12 damage)
             ... on level 1 of the Lair of Beasts.
             The game lasted 01:15:55 (16871 turns).

Inchmeat the Nimble (Demonspawn Wizard)            Turns: 16871, Time: 01:15:56

Health: -4/73      AC:  9    Str:  9    XL:     11   Next: 24%
Magic:  18/18      EV: 22    Int: 28    God:    Dithmenos [*****.]
Gold:   554        SH:  0    Dex: 15    Spells: 6 memorised, 5 levels left

rFire  . . .     SeeInvis .     h - +3 dagger (freeze)
rCold  + . .     Gourm    .     f - +1 robe "Waugev" {Int+4}
rNeg   . . .     Faith    +     (no shield)
rPois  .         Spirit   .     b - +2 hat
rElec  .         Dismiss  .     t - +2 cloak
rCorr  .         Reflect  .     q - +0 pair of gloves
SustAt +         Harm     .     (no boots)
MR     .....                    H - amulet of faith
Stlth  +++++++...               M - +4 ring of intelligence
                                p - ring of sustain attributes

@: confused, wreathed by umbra, not resistant to hostile enchantments, extremely
stealthy
A: claws 1, repulsion field 2, camouflage 1, cold resistance 1, deterioration 1,
nightstalker 2, strong 1
a: Shadow Step, Shadow Form, Renounce Religion


You were on level 1 of the Lair of Beasts.
You worshipped Dithmenos.
Dithmenos was extremely pleased with you.
You were near starving.

You visited 2 branches of the dungeon, and saw 11 of its levels.
You also visited: Bailey.

You collected 629 gold pieces.
You spent 75 gold pieces at shops.

Inventory:

Hand Weapons
 h - a +3 dagger of freezing (weapon)
 E - a +2 dagger of pain
Missiles
 K - 3 tomahawks of returning (quivered)
Armour
 b - a +2 hat (worn)
 f - the +1 robe "Waugev" (worn) {Int+4}
   (You found it on level 4 of the Dungeon)

   It affects your intelligence (+4).
 q - a +0 pair of gloves (worn)
 t - a +2 cloak (worn)
 A - a +1 leather armour of poison resistance
Jewellery
 p - a ring of sustain attributes (left hand)
 F - an uncursed amulet of harm
 H - an amulet of faith (around neck)
 M - a +4 ring of intelligence (right hand)
Wands
 D - a wand of iceblast (4/15)
Scrolls
 g - a scroll of enchant weapon
 i - a scroll of enchant armour
 j - a scroll of silence {unknown}
 k - a scroll of amnesia
 o - 6 scrolls of remove curse
 r - 4 scrolls of fog
 x - a scroll of holy word {unknown}
 y - 5 scrolls of magic mapping
 B - a scroll of recharging
 I - 3 scrolls of random uselessness
Potions
 a - a potion of cancellation {unknown}
 e - a potion of resistance {unknown}
 l - 2 potions of ambrosia
 m - a potion of agility
 n - a potion of berserk rage {unknown}
 u - 2 potions of magic
 w - a potion of brilliance
 z - 4 potions of curing
 J - 2 potions of lignification
 O - a potion of degeneration {unknown}
Books
 c - a book of Minor Magic

   Spells                             Type                      Level
   a - Magic Dart                     Conjuration                  1
   b - Blink                          Translocation                2
   c - Call Imp                       Summoning                    2
   d - Repel Missiles                 Charms/Air                   2
   e - Slow                           Hexes                        2
   f - Conjure Flame                  Conjuration/Fire             3
   g - Mephitic Cloud                 Conjuration/Poison/Air       3
 C - a book of Ice

   Spells                             Type                      Level
   a - Ice Form                       Ice/Transmutation            4
   b - Metabolic Englaciation         Hexes/Ice                    5
   c - Ozocubu's Refrigeration        Ice                          6
   d - Bolt of Cold                   Conjuration/Ice              6
   e - Freezing Cloud                 Conjuration/Ice/Air          6
   f - Simulacrum                     Ice/Necromancy               6
 G - a book of Cantrips

   Spells                             Type                      Level
   a - Corona                         Hexes                        1
   b - Animate Skeleton               Necromancy                   1
   c - Summon Small Mammal            Summoning                    1
   d - Apportation                    Translocation                1
 L - a book of Enchantments

   Spells                             Type                      Level
   a - Cause Fear                     Hexes                        4
   b - Yara's Violent Unravelling     Hexes/Transmutation          5
   c - Silence                        Hexes/Air                    5
   d - Deflect Missiles               Charms/Air                   6
   e - Haste                          Charms                       6
   f - Discord                        Hexes                        8
 P - a book of Unlife

   Spells                             Type                      Level
   a - Recall                         Summoning/Translocation      3
   b - Animate Dead                   Necromancy                   4
   c - Control Undead                 Necromancy                   4
   d - Cigotuvi's Embrace             Necromancy                   5
   e - Death Channel                  Necromancy                   6
   f - Simulacrum                     Ice/Necromancy               6
Comestibles
 d - 8 bread rations
 s - 6 meat rations
 v - 11 beef jerkies
 N - a slice of pizza


   Skills:
 * Level 2.5 Fighting
 - Level 6.0 Short Blades
 - Level 10.7 Dodging
 - Level 6.0 Stealth
 - Level 5.0 Spellcasting
 - Level 7.1 Conjurations
   Level 1.0 Summonings
 - Level 2.2 Necromancy
 - Level 0.8 Translocations
 - Level 3.0 Ice Magic
 - Level 0.2 Poison Magic
 - Level 2.6 Invocations


You had 5 spell levels left.
You knew the following spells:

 Your Spells              Type           Power        Failure   Level  Hunger
a - Magic Dart            Conj           ####         1%          1    None
b - Blink                 Tloc           N/A          10%         2    None
c - Mephitic Cloud        Conj/Pois/Air  ###.....     10%         3    #......
d - Repel Missiles        Chrm/Air       #.....       12%         2    None
e - Animate Skeleton      Necr           N/A          2%          1    None
f - Simulacrum            Ice/Necr       ###.......   100%        6    ######.


Dungeon Overview and Level Annotations

Branches:
Dungeon (10/15)            Temple (0/1) D:7            Lair (1/8) D:9
    Orc (0/2) D:10

Altars:
Ashenzari
Dithmenos
Fedhas
Nemelex Xobeh
Pakellas
Sif Muna
Vehumet
Xom
Yredelemnul
Zin
The Shining One

Shops:
D:9 *

Annotations:
D:5 Pikel
D:8 Larett's ghost, novice SpAs; Maurice
D:10 Erica


Innate Abilities, Weirdness & Mutations

You have sharp fingernails.
You are surrounded by a moderate repulsion field (EV +3).
Your flesh is cold resistant.
You are significantly more attuned to the shadows.
Your skin changes colour to match your surroundings (Stealth).
Your body sometimes deteriorates upon taking damage.
Your muscles are strong. (Str +2)


Message History

The eight-headed hydra bites you!
* * * LOW HITPOINT WARNING * * *
Your body deteriorates!
You feel weakened for a moment.
The eight-headed hydra bites you but does no damage.
The eight-headed hydra completely misses you.
Casting: Magic Dart
Confirm with . or Enter, or press ? or * to list all spells.
You blink.
Read which item? (? for menu, Esc to quit)
Okay, then.
Drink which item? (? for menu, Esc to quit)
You are confused.
You feel invigorated.
You're too confused to cast spells.
The eight-headed hydra closely misses you.
The eight-headed hydra bites you!
* * * LOW HITPOINT WARNING * * *
The eight-headed hydra bites you!
You die...

.......................
.......................
....................>..
.......D...........##.#
...#'#.##.###..... ##.
##.#........ .... #..
##.#........ #..
#........... .....##..
...#.@............#...
##.#.D......#.....##..
##..?.......#.....P#(.
#..#........P.....P###
#+###....$.....+......###
#.......###....#.........
#.......................
###.....................
##......S.............


You could see an eight-headed hydra and a six-headed hydra (wandering).

Vanquished Creatures
  Erolcha (D:10)
  Psyche (D:10)
  A spiny frog (Lair:1)
  A komodo dragon (Lair:1)
  2 trolls (D:10)
  Sigmund (D:4)
  9 yaks (D:10)
  A wyvern (D:9)
  3 hippogriffs
  Edmund (D:4)
  3 water moccasins
  A porcupine (Lair:1)
  2 orc warriors
  2 ice beasts
  3 sky beasts
  2 eyes of draining
  13 ogres
  A black bear (D:9)
  3 phantoms
  2 necrophages (D:8)
  3 big kobolds
  Blork the orc (D:5)
  A gnoll sergeant (D:10)
  5 giant frogs
  3 scorpions
  A howler monkey (D:5)
  4 crimson imps
  3 giant frog zombies
  2 quasits
  5 hounds
  5 orc priests
  A jelly (D:9)
  A centaur skeleton (D:6)
  A gnoll shaman (D:7)
  11 orc wizards
  4 iguanas
  13 worker ants
  A hound skeleton (D:9)
  2 worker ant zombies
  12 gnolls
  A howler monkey skeleton (D:4)
  8 adders
  4 shadow imps
  An ooze (D:5)
  3 adder skeletons
  2 worms
  3 dart slugs
  7 giant geckos
  29 orcs
  4 giant cockroaches
  10 goblins
  6 hobgoblins
  5 jackals
  3 quokkas
  4 ball pythons
  8 bats
  4 giant newts
  26 kobolds
  2 quokka skeletons
  5 rats
267 creatures vanquished.

Vanquished Creatures (others)
  A centaur zombie (D:7)
  An orc priest (D:10)
  A fungus (Lair:1)
3 creatures vanquished.

Grand Total: 270 creatures vanquished

Notes
Turn   | Place    | Note
--------------------------------------------------------------
     0 | D:1      | Inchmeat the Demonspawn Wizard began the quest for the Orb.
     0 | D:1      | Reached XP level 1. HP: 13/13 MP: 4/4
   400 | D:1      | Gained mutation: You are surrounded by a mild repulsion field (EV +2). [demonic ancestry]
   400 | D:1      | Reached XP level 2. HP: 19/19 MP: 3/6
   881 | D:1      | Learned a level 2 spell: Blink
  1166 | D:2      | Reached XP level 3. HP: 24/24 MP: 5/7
  1206 | D:2      | Found a glowing golden altar of the Shining One.
  1505 | D:2      | Found a shadowy altar of Dithmenos.
  1527 | D:2      | Became a worshipper of Dithmenos the Shadowed
  1673 | D:3      | Learned a level 3 spell: Mephitic Cloud
  1676 | D:3      | Learned a level 2 spell: Repel Missiles
  1880 | D:3      | Reached XP level 4. HP: 10/30 MP: 1/8
  2637 | D:3      | Reached * piety under Dithmenos
  2775 | D:4      | Gained mutation: Your flesh is cold resistant. [demonic ancestry]
  2775 | D:4      | Reached XP level 5. HP: 35/35 MP: 5/9
  3307 | D:4      | Noticed an ogre
  3327 | D:4      | Killed an ogre
  3327 | D:4      | Reached skill level 5 in Stealth
  3327 | D:4      | Reached XP level 6. HP: 41/41 MP: 2/10
  3437 | D:4      | Got an ominously black robe
  3448 | D:4      | Identified the cursed +1 robe "Waugev" {Int+4} (You found it on level 4 of the Dungeon)
  4367 | D:4      | Noticed Sigmund
  4428 | D:4      | Killed Sigmund
  4428 | D:4      | Reached skill level 1 in Short Blades
  4428 | D:4      | Gained mutation: You are slightly more attuned to the shadows. [demonic ancestry]
  4428 | D:4      | Reached XP level 7. HP: 39/46 MP: 11/11
  4448 | D:4      | Noticed Edmund
  4456 | D:4      | Killed Edmund
  4456 | D:4      | Reached skill level 5 in Conjurations
  4582 | D:5      | Entered Level 5 of the Dungeon
  4603 | D:5      | Noticed Blork the orc
  4620 | D:5      | Killed Blork the orc
  4795 | D:5      | Noticed Pikel
  5131 | D:4      | Gained mutation: You have sharp fingernails. [demonic ancestry]
  5131 | D:4      | Reached XP level 8. HP: 34/52 MP: 2/12
  5545 | D:5      | Reached ** piety under Dithmenos
  5545 | D:5      | Reached skill level 2 in Dodging
  6493 | D:6      | Found a sparkling altar of Nemelex Xobeh.
  6512 | D:6      | Reached skill level 3 in Dodging
  6512 | D:6      | Reached skill level 1 in Invocations
  6584 | D:6      | You fall through a shaft!
  6998 | D:6      | Reached skill level 4 in Dodging
  7474 | D:6      | Reached skill level 5 in Spellcasting
  7614 | D:6      | Gained mutation: You are significantly more attuned to the shadows. [demonic ancestry]
  7614 | D:6      | Reached XP level 9. HP: 57/57 MP: 16/16
  7856 | D:6      | Found a glowing silver altar of Zin.
  7912 | D:7      | Reached skill level 5 in Dodging
  8400 | D:7      | Found a radiant altar of Vehumet.
  8555 | D:7      | Found an oddly glowing altar of Pakellas.
  8559 | D:7      | Found a shattered altar of Ashenzari.
  8829 | D:7      | Reached *** piety under Dithmenos
  9158 | D:7      | Found a staircase to the Ecumenical Temple.
  9561 | D:7      | Reached skill level 5 in Short Blades
  9567 | D:7      | Found a shimmering altar of Xom.
  9752 | D:7      | Found a basalt altar of Yredelemnul.
  9755 | D:7      | Found a blossoming altar of Fedhas.
  9760 | D:7      | Found a sparkling altar of Nemelex Xobeh.
 10105 | D:8      | Found a flagged portal.
 10134 | Bailey   | Entered a bailey
 10152 | Bailey   | Learned a level 6 spell: Bolt of Cold
 10240 | Bailey   | Noticed Pip's ghost (novice DEFE)
 10241 | Bailey   | Noticed Aguirre's ghost (novice MiBe)
 10407 | Bailey   | Noticed an orc knight
 10415 | D:8      | HP: 2/57 [poisoned by Pip's ghost]
 10697 | D:8      | Noticed Maurice
 10771 | D:7      | Reached skill level 1 in Ice Magic
 10973 | D:8      | Noticed Larett's ghost (novice SpAs)
 11328 | D:9      | Reached skill level 6 in Dodging
 11328 | D:9      | Gained mutation: You are surrounded by a moderate repulsion field (EV +3). [demonic ancestry]
 11328 | D:9      | Reached XP level 10. HP: 63/63 MP: 17/17
 11809 | D:9      | Found a staircase to the Lair.
 11881 | D:9      | Found Fyggamep's Assorted Antiques.
 11901 | D:9      | Bought a glowing black potion for 24 gold pieces
 11901 | D:9      | Bought a purple potion for 24 gold pieces
 11901 | D:9      | Bought a scroll labeled NUZAAS SOXT for 27 gold pieces
 11907 | D:9      | Gained mutation: Your body sometimes deteriorates upon taking damage. [potion of mutation]
 11907 | D:9      | Gained mutation: Your muscles are strong. (Str +2) [potion of mutation]
 11907 | D:9      | Gained mutation: Your skin changes colour to match your surroundings (Stealth). [potion of mutation]
 12077 | D:9      | Learned a level 1 spell: Animate Skeleton
 12084 | D:9      | Learned a level 6 spell: Simulacrum
 12266 | D:9      | Found a deep blue altar of Sif Muna.
 12298 | D:9      | Identified Sif Muna's Volume of Toxins (You found it on level 9 of the Dungeon)
 12303 | D:10     | Entered Level 10 of the Dungeon
 12352 | D:10     | Reached skill level 7 in Dodging
 12482 | D:10     | Noticed Psyche
 12487 | D:10     | Killed Psyche
 12877 | D:10     | Found a staircase to the Orcish Mines.
 13116 | D:10     | Reached **** piety under Dithmenos
 13242 | D:10     | Noticed Erica
 13596 | D:9      | Reached skill level 8 in Dodging
 13927 | D:10     | Reached skill level 1 in Necromancy
 14101 | D:10     | Noticed Erolcha
 14263 | D:10     | Reached skill level 9 in Dodging
 14349 | D:10     | Killed Erolcha
 14955 | D:10     | Reached skill level 10 in Dodging
 14969 | D:10     | Reached XP level 11. HP: 62/68 MP: 5/18
 15983 | Lair:1   | Entered Level 1 of the Lair of Beasts
 16173 | Lair:1   | Reached ***** piety under Dithmenos
 16206 | Lair:1   | Noticed an eight-headed hydra
 16510 | Lair:1   | Reached skill level 1 in Fighting
 16563 | Lair:1   | Noticed a six-headed hydra
 16871 | Lair:1   | Slain by an eight-headed hydra

Skill      XL: |  1  2  3  4  5  6  7  8  9 10 11 |
---------------+----------------------------------+-----
Conjurations   | 2 3 4 7 |  7.1
Stealth        | 2 4 5 6 |  6.0
Short Blades   | 1 6 |  6.0
Dodging        | 4 6 10 | 10.7
Spellcasting   | 5 |  5.0
Invocations    | 2 |  2.6
Ice Magic      | 3 |  3.0
Necromancy     | 2 |  2.2
Fighting       | 2 |  2.5
Summonings     | |  1.0
Translocations | |  0.8
Poison Magic   | |  0.2

Action                   |  1- 3 |  4- 6 |  7- 9 | 10-12 || total
-------------------------+-------+-------+-------+-------++-------
Melee: Short sword       |     4 |       |       |       ||     4
       Dagger            |    19 |    70 |   483 |   364 ||   936
 Cast: Magic Dart        |    64 |   117 |   228 |   198 ||   607
       Blink             |       |       |    19 |    30 ||    49
       Mephitic Cloud    |       |       |    14 |    33 ||    47
       Repel Missiles    |       |       |       |     1 ||     1
Evoke: Wand              |       |       |       |     1 ||     1
  Use: Potion            |     1 |     2 |     2 |     7 ||    12
       Scroll            |       |     4 |    14 |     5 ||    23
 Stab: Sleeping          |     4 |     3 |    32 |    16 ||    55
       Confused          |       |       |     2 |     8 ||    10
       Distracted        |       |       |       |     1 ||     1
  Eat: Chunk             |     3 |     8 |    18 |     6 ||    35
       Bread ration      |       |       |     2 |     1 ||     3
       Meat ration       |       |       |       |     1 ||     1
       Pizza             |       |       |       |     1 ||     1
Armor: Robe              |     5 |     4 |   110 |    63 ||   182
       Skin              |     1 |       |       |       ||     1
       Leather armour    |       |    11 |       |       ||    11
Dodge: Dodged            |    19 |    71 |   423 |   316 ||   829
       Deflected         |       |       |       |     1 ||     1
